Map: Orbital Shipyard

Players

Devil

  • Race: Zerg Zerg
  • League: Master

VampyWorm - Winner!

  • Race: Protoss Protoss
  • League: Diamond

VOD

Have the link to the VOD?

Description

Time

  • Played on: Dec. 17, 2015, 1:06 a.m.
  • Length: 5:45
Show
View Real Time Build Order
Export as new Build Order

Devil Zerg 

Build Orders: Pool First 

Get SALT Encoding   

  12  0:02  Drone  
  13  0:13  Overlord  
  13  0:20  Drone  
  14  0:26  Drone, Extractor  
  15  0:33  Drone  
  15  0:35  Drone  
  17  0:59  Extractor  
  17  1:00  Drone x2, Spawning Pool  
  17  1:09  Drone  
  18  1:21  Drone  
  19  1:28  Overlord  
  19  1:46  Queen  
  21  1:47  Zergling x2  
  21  1:52  Zergling x2  
  23  1:58  Hatchery  
  22  2:02  Spine Crawler  
  22  2:08  Zergling x2  
  22  2:10  Metabolic Boost  
  22  2:14  Zergling x2  
  23  2:24  Spine Crawler  
  23  2:28  Zergling x2  
  23  2:39  Queen  
  23  2:42  Zergling x2  
  26  2:53  Zergling x2  
  27  2:59  Zergling x6  
  30  3:11  Zergling x4  
  32  3:26  Spine Crawler  
  31  3:28  Drone x2, Spine Crawler  
  31  3:40  Zergling x2  
  31  3:41  Zergling x2  
  31  4:01  Zergling x6  
  31  4:02  Zergling x6  
  30  4:14  Zergling x2  
  30  4:15  Zergling x2  
  28  4:26  Zergling x2  
  26  4:38  Zergling x2  
  18  5:05  Zergling x2  
Show
View Real Time Build Order
Export as new Build Order

VampyWorm Protoss - Winner!

Build Orders:  

Get SALT Encoding   

  12  0:01  Probe (Chrono Boost)  
  13  0:11  Probe (Chrono Boost)  
  14  0:22  Probe (Chrono Boost)  
  15  0:41  Pylon  
  15  0:59  Gateway  
  15  1:00  Gateway  
  15  1:03  Gateway  
  15  1:09  Gateway  
  15  1:13  Probe (Chrono Boost)  
  16  1:23  Probe (Chrono Boost), Pylon  
  19  1:49  Zealot x2 (Chrono Boost)  
  19  1:53  Zealot (Chrono Boost)  
  23  1:56  Zealot (Chrono Boost)  
  25  2:01  Pylon  
  29  2:17  Zealot (Chrono Boost)  
  29  2:18  Zealot (Chrono Boost)  
  29  2:21  Zealot (Chrono Boost)  
  31  2:23  Zealot (Chrono Boost)  
  38  2:44  Zealot (Chrono Boost)  
  38  2:45  Zealot (Chrono Boost)  
  38  2:48  Zealot (Chrono Boost)  
  38  2:50  Pylon  
  38  3:09  Zealot (Chrono Boost)  
  40  3:19  Zealot x2 (Chrono Boost)  
  46  3:20  Zealot (Chrono Boost)  
  42  3:41  Zealot (Chrono Boost)  
  42  3:46  Zealot (Chrono Boost)  
  42  3:48  Zealot (Chrono Boost)  
  46  3:49  Zealot (Chrono Boost)  
  31  4:05  Zealot (Chrono Boost)  
  34  4:20  Probe  
  33  4:33  Probe  
Tags
 
Add a new tag
Caveats
  • Supply blocks, unpowered buildings, or Contaminate may cause inaccurate times.
  • Supply counts are checked every 10 seconds.